Map: Prion Terraces

Players

llllllllllll

  • Race: Terran Terran
  • League: Grandmaster

Sugar - Winner!

  • Race: Terran Terran
  • League: Grandmaster

VOD

Have the link to the VOD?

Description

Time

  • Played on: May 9, 2016, 6:05 p.m.
  • Length: 13:22
Show
View Real Time Build Order
Export as new Build Order

llllllllllll Terran 

Build Orders: Reaper Expand, Bio Tank 

Get SALT Encoding   

  12  0:01  SCV  
  13  0:13  SCV  
  14  0:18  Supply Depot  
  14  0:25  SCV  
  15  0:40  SCV  
  15  0:41  Barracks  
  16  0:44  Refinery  
  16  0:52  SCV  
  17  1:04  SCV  
  18  1:16  SCV  
  19  1:28  Orbital Command  
  19  1:29  Reaper  
  20  1:42  Command Center  
  20  1:53  Supply Depot  
  20  1:57  SCV  
  20  2:01  Marine  
  22  2:09  SCV  
  22  2:12  Factory  
  22  2:19  Marine  
  22  2:21  SCV  
  24  2:32  Refinery  
  24  2:33  SCV  
  25  2:41  Marine  
  25  2:45  SCV  
  25  2:56  Hellion, Starport  
  25  2:57  SCV  
  28  2:59  Marine  
  29  3:06  Orbital Command  
  29  3:09  SCV  
  29  3:17  Marine  
  29  3:19  Factory Tech Lab  
  30  3:22  SCV  
  31  3:35  Marine  
  31  3:36  Viking  
  31  3:38  Siege Tank  
  36  3:42  SCV  
  37  3:56  Supply Depot  
  37  3:57  SCV  
  38  4:02  Barracks Reactor  
  38  4:06  Command Center  
  38  4:08  Orbital Command  
  38  4:09  SCV  
  39  4:29  Starport Reactor  
  39  4:30  Barracks, SCV  
  40  4:33  Barracks  
  40  4:40  Marine x2  
  40  4:41  Engineering Bay  
  40  4:43  SCV  
  43  4:48  Orbital Command  
  43  4:50  Factory Tech Lab  
  43  4:55  SCV  
  43  4:58  Marine x2  
  42  5:13  SCV  
  43  5:15  Siege Tank  
  46  5:22  Stimpack, Orbital Command  
  46  5:25  Marine  
  44  5:28  Marine  
  44  5:29  Marine  
  44  5:31  SCV  
  47  5:38  Starport Reactor  
  47  5:41  Marine, Missile Turret  
  45  5:45  Terran Infantry Weapons Level 1  
  45  5:46  SCV  
  43  5:52  Missile Turret  
  43  5:53  SCV  
  44  5:58  SCV  
  44  5:59  SCV  
  44  6:00  Marine  
  43  6:06  SCV  
  43  6:11  SCV  
  43  6:14  Medivac x2  
  43  6:17  SCV  
  48  6:19  SCV  
  48  6:22  Marine x2  
  48  6:24  Marine  
  52  6:26  SCV  
  52  6:29  SCV  
  54  6:35  Marine  
  54  6:36  SCV  
  54  6:38  SCV  
  54  6:39  Refinery  
  57  6:43  SCV  
  57  6:44  Marine x2  
  59  6:48  Marine, SCV  
  59  6:50  Medivac  
  63  6:58  Marine  
  63  6:59  Medivac  
  66  7:08  Marine x2  
  64  7:10  Marine, SCV  
  62  7:17  SCV  
  62  7:18  Marine  
  62  7:20  Medivac, Orbital Command  
  62  7:22  SCV  
  63  7:23  Marine  
  63  7:26  Marine  
  63  7:29  SCV, Siege Tank  
  69  7:34  SCV  
  62  7:37  Marine  
  62  7:41  Marine, SCV  
  64  7:46  SCV  
  64  7:47  Marine  
  64  7:51  SCV  
  67  7:52  Terran Infantry Armor Level 1  
  67  7:53  SCV  
  67  7:56  Marine  
  69  8:01  Supply Depot  
  69  8:04  Missile Turret  
  69  8:08  Marine x3, SCV x2  
  69  8:09  SCV  
  75  8:17  Marine  
  76  8:20  SCV  
  76  8:23  SCV  
  76  8:26  Supply Depot  
  78  8:27  Marine, SCV  
  78  8:29  Siege Tank  
  78  8:32  Marine  
  84  8:34  Marine  
  84  8:36  Marine  
  84  8:40  SCV x2  
  83  8:42  Refinery  
  83  8:43  Supply Depot, SCV  
  83  8:46  Barracks  
  83  8:47  Barracks, Medivac  
  83  8:48  Marine, Armory  
  86  8:52  Marine, SCV, Combat Shields  
  89  8:56  Supply Depot, SCV  
  89  8:57  SCV  
  89  8:58  Marine  
  89  9:02  Refinery  
  92  9:04  SCV  
  92  9:06  Marine  
  92  9:08  SCV, Siege Tank  
  98  9:10  SCV  
  98  9:14  Marine  
  98  9:16  Marine x2, SCV  
  103  9:18  Marine, Supply Depot  
  103  9:20  SCV  
  103  9:22  SCV  
  106  9:24  Marine  
  106  9:32  Marine  
  106  9:33  Supply Depot, SCV  
  106  9:34  Marine x2  
  106  9:37  Marine  
  111  9:38  Marine, Missile Turret  
  111  9:40  Siege Tank  
  111  9:44  SCV  
  116  9:49  Marine  
  116  9:50  Marine x2, Orbital Command  
  104  9:54  Marine  
  104  9:55  Marine  
  104  9:58  Marine  
  103  10:07  Marine x2  
  103  10:10  Barracks Reactor  
  103  10:11  Barracks Reactor  
  103  10:12  Siege Tank, Medivac x2  
  103  10:13  Supply Depot  
  111  10:15  Engineering Bay  
  107  10:32  Marine x3  
  107  10:33  Marine x2  
  106  10:44  Siege Tank, Medivac  
  106  10:45  Supply Depot  
  106  10:48  SCV x2  
  113  10:50  Marine, Barracks Reactor  
  105  11:02  SCV  
  105  11:03  Marine  
  105  11:04  Marine  
  105  11:05  Marine x2  
  105  11:06  Marine  
  97  11:12  Marine x2  
  97  11:17  Siege Tank  
  97  11:18  SCV  
  102  11:22  Orbital Command  
  102  11:24  Marine  
  96  11:26  SCV  
  96  11:31  Marine  
  98  11:38  Marine  
  98  11:48  SCV  
  98  11:49  Siege Tank  
  98  11:51  Marine  
  98  11:53  Marine  
  98  11:54  Marine x4  
  92  11:55  SCV x2  
  98  12:05  Marine x2  
  98  12:07  Marine  
  101  12:08  Marine  
  101  12:13  Marine x3  
  105  12:18  Marine x2  
  107  12:23  Marine x2  
  107  12:28  Siege Tank  
  106  12:37  Marine  
  106  12:38  Marine  
  106  12:40  Marine  
  104  12:46  Marine  
  104  12:50  Marine x2  
  99  12:54  SCV x2  
  101  13:04  Marine  
Show
View Real Time Build Order
Export as new Build Order

Sugar Terran - Winner!

Build Orders: 1/1/1, Liberator Opening, Bio Tank 

Get SALT Encoding   

  12  0:01  SCV  
  13  0:13  SCV  
  14  0:17  Supply Depot  
  14  0:25  SCV  
  15  0:29  Refinery  
  15  0:39  SCV  
  16  0:44  Barracks  
  16  0:51  SCV  
  16  0:56  Refinery  
  17  1:03  SCV  
  18  1:15  SCV  
  19  1:32  Orbital Command  
  19  1:34  Factory  
  19  1:38  Reaper  
  20  1:47  Supply Depot  
  20  1:59  SCV  
  21  2:10  Reaper  
  22  2:15  SCV  
  22  2:18  Hellion  
  22  2:20  Starport  
  25  2:28  Supply Depot, SCV  
  26  2:40  SCV  
  26  2:42  Reaper  
  26  2:43  Hellion, Liberator  
  30  2:52  SCV  
  31  3:05  Hellion  
  36  3:14  Reaper  
  37  3:22  Supply Depot  
  37  3:34  SCV  
  37  3:35  Hellion  
  38  3:46  Reaper, Starport Tech Lab, Command Center  
  39  3:52  SCV  
  40  3:57  Hellion  
  42  4:04  Cloaking Field  
  42  4:12  Banshee  
  45  4:26  Factory Tech Lab, Barracks Reactor  
  45  4:28  SCV  
  45  4:31  Supply Depot  
  46  4:42  SCV  
  47  4:57  Command Center  
  45  5:07  Siege Tank  
  45  5:16  Banshee  
  45  5:18  SCV  
  44  5:30  SCV  
  44  5:31  Marine x2  
  47  5:39  SCV  
  48  5:49  Marine x2  
  50  5:56  Siege Tank  
  50  6:00  Barracks  
  50  6:01  Barracks  
  53  6:07  Marine  
  53  6:10  SCV  
  49  6:13  Marine  
  49  6:14  Orbital Command  
  49  6:15  Orbital Command  
  50  6:22  SCV  
  51  6:29  Barracks x2  
  51  6:31  Starport Reactor  
  51  6:32  Marine  
  51  6:33  Marine  
  51  6:34  SCV  
  54  6:41  SCV  
  54  6:42  SCV  
  54  6:44  Refinery  
  54  6:45  Refinery  
  54  6:46  SCV  
  57  6:49  Barracks Reactor  
  57  6:53  Marine, Siege Tank  
  57  6:54  Marine, Stimpack  
  62  6:58  SCV  
  62  7:00  SCV  
  64  7:07  Marine  
  65  7:09  SCV  
  65  7:11  Marine x2  
  65  7:13  Medivac  
  67  7:23  Marine x2  
  67  7:25  Marine, Siege Tank  
  67  7:28  Marine x2  
  67  7:29  Marine, Medivac  
  78  7:31  SCV  
  78  7:35  Marine  
  73  7:41  Marine  
  73  7:42  Marine, SCV  
  73  7:43  SCV  
  77  7:44  Marine, Medivac  
  77  7:46  Marine x2  
  77  7:47  Marine  
  77  7:48  Orbital Command  
  83  7:53  Marine  
  83  7:54  SCV  
  83  7:55  SCV  
  88  8:06  Marine, SCV, Siege Tank  
  88  8:08  Marine x2, Barracks Reactor  
  88  8:09  Supply Depot  
  88  8:12  Supply Depot x2  
  93  8:14  Engineering Bay  
  93  8:22  Marine, SCV  
  93  8:26  SCV  
  95  8:33  Marine x3  
  94  8:34  SCV  
  94  8:38  SCV, Siege Tank  
  95  8:44  Marine x2  
  95  8:46  SCV  
  98  8:50  Orbital Command  
  98  8:51  SCV  
  98  8:52  Missile Turret  
  98  8:55  Missile Turret  
  98  8:57  Combat Shields  
  98  8:58  SCV  
  98  9:03  SCV  
  98  9:09  Marine  
  99  9:10  Marine x3, SCV  
  104  9:17  SCV x2  
  104  9:18  Medivac  
  104  9:19  Medivac  
  108  9:31  Marine x2  
  108  9:35  Marine  
  108  9:36  Marine x2  
  113  9:45  Siege Tank  
  102  9:46  Marine x2  
  102  9:47  Marine  
  102  9:49  Marine x2  
  102  9:51  SCV x2  
  93  9:53  Marine  
  93  9:54  Marine  
  84  10:00  Marine  
  84  10:06  Marine x3  
  88  10:08  Marine  
  88  10:09  Command Center  
  88  10:12  Marine  
  88  10:13  Marine x2  
  92  10:17  Marine  
  92  10:18  SCV  
  92  10:20  SCV  
  95  10:23  Marine x2  
  95  10:24  Marine  
  95  10:26  Marine  
  92  10:30  Marine, SCV  
  92  10:31  Marine  
  92  10:34  Marine  
  94  10:35  Siege Tank  
  94  10:39  Marine  
  94  10:41  Marine x2  
  94  10:42  Medivac  
  97  10:44  Marine  
  97  10:49  Marine x3  
  99  10:53  Marine  
  100  10:57  Marine  
  100  10:59  Marine  
  102  11:08  Siege Tank  
  102  11:09  Marine x4  
  109  11:12  Marine  
  109  11:14  Marine  
  110  11:18  Marine  
  110  11:20  Marine  
  110  11:23  SCV  
  110  11:26  Marine  
  110  11:27  Marine x3  
  110  11:30  Marine  
  115  11:38  Marine x2  
  117  11:47  Marine x2  
  112  11:48  Marine x3  
  112  11:51  Marine  
  113  11:56  Marine x2  
  115  12:08  Marine x2  
  116  12:09  Marine  
  116  12:10  Marine x3  
  116  12:13  Marine  
  116  12:14  Marine, Orbital Command  
  123  12:26  Marine  
  124  12:33  Marine  
  125  12:37  Marine, Medivac  
  125  13:01  Supply Depot  
  125  13:02  Supply Depot x2  
Tags
 
Add a new tag
Caveats
  • Supply blocks, unpowered buildings, or Contaminate may cause inaccurate times.
  • Supply counts are checked every 10 seconds.